 Dungeon Crawl Stone Soup version 0.31.0-32-g396128a36d (webtiles) character file.

Game seed: 18384673869439034154

1424 PaiMei the Grave Robber (level 8, -12/61 HPs)
             Began as a Demonspawn Necromancer on Apr 16, 2024.
             Mangled by an ogre
             ... wielding a +0 giant club
              (19 damage)
             ... on level 6 of the Dungeon.
             The game lasted 00:06:23 (6479 turns).

PaiMei the Grave Robber (Demonspawn Necromancer)    Turns: 6479, Time: 00:06:24

Health: -12/61     AC:  5    Str:  9    XL:     8   Next: 44%
Magic:  0/15       EV: 14    Int: 17    God:
Gold:   220        SH:  0    Dex: 14    Spells: 9/17 levels left

rFire   . . .        u - +3 short sword (elec)
rCold   + . .        (no shield)
rNeg    + . .        a - +0 robe
rPois   .            g - +0 helmet
rElec   .            (no cloak)
rCorr   .            (no gloves)
SInv    .            (no boots)
Will    .....        (no amulet)
Stlth   ++           j - ring of positive energy
HPRegen 0.30/turn    s - ring of protection from cold
MPRegen 0.14/turn

%: no passive effects
@: no status effects
A: icy blue scales 1, demonic touch 1
a: no special abilities


You were on level 6 of the Dungeon.
You visited 1 branch of the dungeon, and saw 6 of its levels.

You collected 220 gold pieces.

Inventory:

Hand Weapons
 h - a +0 whip of electrocution
 r - a +0 dagger of venom
 u - a +3 short sword of electrocution (weapon)
Missiles
 o - 16 poisoned darts (quivered)
Armour
 a - a +0 robe (worn)
 g - a +0 helmet (worn)
Jewellery
 j - a ring of positive energy (left hand)
 s - a ring of protection from cold (right hand)
Wands
 w - a wand of digging (7)
Scrolls
 m - 5 scrolls of identify {unknown}
 n - a scroll of revelation {unknown}
 p - a scroll of fog {unknown}
 q - a scroll of amnesia {unknown}
 t - a scroll of noise {unknown}
 x - a scroll of torment {unknown}
Potions
 b - a potion of magic
 c - a potion of cancellation {unknown}
 d - a potion of degeneration {unknown}
 e - 2 potions of curing {unknown}
 f - 3 potions of attraction {unknown}
 i - a potion of lignification {unknown}
 k - a potion of invisibility {unknown}
 l - a potion of enlightenment {unknown}
 v - a potion of mutation {unknown}
 z - a potion of haste {unknown}
 A - 2 potions of might {unknown}


   Skills:
 + Level 4.8 Fighting
 + Level 5.0 Dodging
 - Level 2.2 Stealth
 + Level 5.1 Spellcasting
 + Level 7.2 Necromancy


You had 9 spell levels left.
You knew the following spells:

 Your Spells              Type           Power      Damage    Failure   Level
a - Necrotise             Necr           100%       1d9       1%          1
b - Vampiric Draining     Necr           28%        2d8       2%          3
c - Animate Dead          Necr           28%        N/A       7%          4

Your spell library contained the following spells:

 Spells                   Type           Power      Damage    Failure   Level
 Curse of Agony           Necr           28%        N/A       21%         5
 Tukima's Dance           Hex            4%         N/A       38%         3
 Brom's Barrelling Bould  Conj/Erth      4%         2d3       80%         4
 Dimensional Bullseye     Hex/Tloc       2%         N/A       80%         4
 Iskenderun's Mystic Bla  Conj/Tloc      4%         2d3       80%         4
 Fireball                 Conj/Fire      2%         3d4       98%         5
 Iskenderun's Battlesphe  Conj           4%         2d6       98%         5
 Conjure Ball Lightning   Conj/Air       2%         3x3d6     100%        6
 Orb of Destruction       Conj           2%         9d5       100%        7


Dungeon Overview and Level Annotations

Branches:
Dungeon (6/15)
 Temple: D:4-7

Altars:
Ashenzari
Cheibriados
Fedhas
Nemelex Xobeh
Trog
Uskayaw
Wu Jian

Shops:
D:3 (

Portals:
Sewer: D:6

Annotations:
D:4 Menkaure


Innate Abilities, Weirdness & Mutations

You are partially covered in icy blue scales. (AC +2)
Your touch may inflict minor irresistible damage on your foes.


Message History

The giant cockroach is severely wounded.
The giant cockroach bites you but does no damage. x2
You closely miss the giant cockroach. Your touch misses the giant cockroach.
The giant cockroach is severely wounded.
The giant cockroach bites you but does no damage.
You hit the giant cockroach but do no damage.
The giant cockroach is severely wounded.
The giant cockroach closely misses you.
You closely miss the giant cockroach.
The giant cockroach is severely wounded.
The giant cockroach barely misses you.
You hit the giant cockroach.
Lightning courses through the giant cockroach!!
You kill the giant cockroach!
You see here a giant cockroach corpse.
A bombardier beetle is nearby!
There is an escape hatch in the ceiling here.
Casting: Vampiric Draining (dangerous; 2% risk of failure)
Confirm with . or Enter, or press ? or * to list all spells.
Aiming: Vampiric Draining (dangerous; 2% risk of failure)
Press: ? - help, Shift-Dir - straight line, f - ogre
Aim: an ogre, wielding a +0 giant club You draw life force from the ogre!
You feel life coursing into your body. The ogre hits you with a +0 giant club!
You puncture the ogre! Your touch misses the ogre.
The ogre is severely wounded.
The ogre hits you with a +0 giant club!
* * * LOW HITPOINT WARNING * * *
Casting: Vampiric Draining (dangerous; 2% risk of failure)
Confirm with . or Enter, or press ? or * to list all spells.
You don't have enough magic to cast this spell.
Casting: Vampiric Draining (dangerous; 2% risk of failure)
Confirm with . or Enter, or press ? or * to list all spells.
You don't have enough magic to cast this spell.
You closely miss the ogre.
The ogre is severely wounded.
You hit the ogre.
The ogre is almost dead.
The ogre hits you with a +0 giant club!!
You die...

################.#~~#
##~~#~#
#.B....†..#.#~~####~~#~#
#.#.##.##<#.#~##~###~~~#
#.#.##.##.#.#~##~# #~~~#
#.#.....#.#.#~##~# #~~##
#...###.#.#.#~##~# #~##
#...# #.....#~#~~###~#
#...###..O..#~#~#~~~~#
#.......##@.#~#~#~~~~#
#.......###.##~~#~#~##
#.##'##.# #.#~~~###~#
#.#~~~#.# #.#~### ###
#.#~~~#.$##+#~#
#B#~∩~#..# ###
#.#~~~#.... #.#~~~#....
..#####...


You could see an ogre.

Vanquished Creatures
  Sigmund (D:2)
  A steam dragon (D:6)
  2 water moccasins (D:5)
  2 ogres (D:5)
  2 howler monkeys (D:5)
  5 hounds
  3 jellies
  A bombardier beetle (D:5)
  An orc priest (D:4)
  3 iguanas
  An orc wizard (D:3)
  4 gnolls
  3 adders
  A shadow imp (D:6)
  4 ufetubi
  4 dart slugs
  8 orcs
  3 endoplasms
  6 giant cockroaches
  10 goblins
  A hobgoblin (D:2)
  6 kobolds
  A quokka (D:3)
  3 ball pythons
  3 bats
  3 frilled lizards
  3 rats
85 creatures vanquished.

Vanquished Creatures (collateral kills)
  A water moccasin (D:5)
1 creature vanquished.

Grand Total: 86 creatures vanquished

Notes
Turn   | Place    | Note
-------+----------+-------------------------------------------
     0 | D:1      | PaiMei the Demonspawn Necromancer began the quest for the
                  | Orb.
     0 | D:1      | Reached XP level 1. HP: 13/13 MP: 3/3
   505 | D:1      | Gained mutation: Your touch may inflict minor irresistible
                  | damage on your foes. [demonic ancestry]
   505 | D:1      | Reached XP level 2. HP: 19/19 MP: 1/5
  1238 | D:2      | Reached XP level 3. HP: 24/24 MP: 2/6
  1242 | D:2      | Learned a level 3 spell: Vampiric Draining
  1696 | D:2      | Noticed Sigmund
  1722 | D:2      | Killed Sigmund
  1723 | D:2      | Reached skill level 5 in Necromancy
  1723 | D:2      | Reached XP level 4. HP: 8/33 MP: 0/8
  1723 | D:2      | Gained mutation: You are partially covered in icy blue
                  | scales. (AC +2) [demonic ancestry]
  1723 | D:2      | Reached XP level 5. HP: 9/38 MP: 0/9
  1728 | D:2      | Learned a level 4 spell: Animate Dead
  1938 | D:2      | Found a broken altar of Ashenzari.
  2438 | D:3      | Found a hide-covered altar of Uskayaw.
  2947 | D:3      | Found a faded altar of an unknown god.
  3001 | D:3      | Found Vieturym's Weapon Emporium.
  3155 | D:3      | Reached XP level 6. HP: 41/45 MP: 0/11
  3686 | D:4      | Found a sparkling altar of Nemelex Xobeh.
  3687 | D:4      | Found a snail-covered altar of Cheibriados.
  3692 | D:4      | Found a blossoming altar of Fedhas.
  3696 | D:4      | Found an ornate altar of the Wu Jian Council.
  4153 | D:4      | Noticed Menkaure
  4264 | D:4      | Reached XP level 7. HP: 52/52 MP: 8/12
  4508 | D:5      | Entered Level 5 of the Dungeon
  4517 | D:5      | Reached skill level 6 in Necromancy
  5255 | D:5      | Reached XP level 8. HP: 60/60 MP: 2/14
  5862 | D:5      | Found a bloodstained altar of Trog.
  6092 | D:6      | Reached skill level 7 in Necromancy
  6424 | D:6      | Found a glowing drain.
  6433 | D:6      | Reached skill level 5 in Spellcasting
  6438 | D:6      | Reached skill level 5 in Dodging
  6479 | D:6      | Mangled by an ogre

Illustrated notes

Levels and vault maps discovered:
D:1:      shiori_arrival_maze, layout_rooms, hangedman_decor_growths
D:2:      layout_basic, basic_altar, uniq_sigmund
D:3:      layout_loops_ring, nicolae_uskayaw_dance_hall, serial_shops,
          nicolae_shop_pleasant_corner_grove,
          shapermc_ecumenical_altar_mp_vishouse, kennysheep_boxes
D:4:      layout_basic, nicolae_overflow_macrodata_refinement, xom_teletrap_fun,
          uniq_menkaure
D:5:      layout_layer_cave, nicolae_overflow_crystal_walls
D:6:      layout_loops_corners, mainiacjoe_overflow_surrounded_room,
          serial_rivers, chequers_serial_rivers_micro_a,
          chequers_serial_rivers_large_b, chequers_serial_rivers_micro_d,
          chequers_serial_rivers_large_a, chequers_serial_rivers_micro_a,
          chequers_serial_rivers_marsh, gup_sewer_entry_glass

Skill      XL: |  1  2  3  4  5  6  7  8 |
---------------+-------------------------+-----
Stealth        | 2 |  2.2
Dodging        | 2 3 4 5 |  5.0
Fighting       | 2 3 4 |  4.8
Spellcasting   | 3 4 5 |  5.1
Necromancy     | 5 6 7 |  7.2

Action                     |  1- 3 |  4- 6 |  7- 9 || total
---------------------------+-------+-------+-------++-------
  Melee: Unarmed           |     1 |       |       ||     1
         Short sword       |     2 |       |    31 ||    33
         Touch             |     1 |     1 |     3 ||     5
         Whip              |     5 |    15 |       ||    20
         Punch             |       |     1 |       ||     1
         Dagger            |       |       |     7 ||     7
   Cast: Necrotise         |    64 |    64 |    40 ||   168
         Vampiric Draining |       |    10 |    27 ||    37
 Armour: Robe              |    12 |    40 |    74 ||   126
  Dodge: Dodged            |    24 |    40 |    77 ||   141
